 Dungeon Crawl Stone Soup version 0.31.0-1-g2c135a008e (webtiles) character file.

Game seed: 13334008653408571316

7127 qw the Skirmisher (level 11, -1/79 HPs)
             Began as a Djinni Hunter on Jan 23, 2024.
             Was a High Priest of Okawaru.
             Slain by an eight-headed hydra (12 damage)
             ... on level 9 of the Dungeon.
             The game lasted 00:00:31 (6248 turns).

qw the Skirmisher (Djinni Hunter)                   Turns: 6248, Time: 00:00:31

Health: -1/79      AC: 15    Str: 10    XL:     11   Next: 31%
Gold:   225        EV: 18    Int: 11    God:    Okawaru [*****.] SH:  0 Dex: 21

rFire   + + .        o - +0 orcbow (heavy)
rCold   x . .        (shield currently unavailable)
rNeg    . . .        t - +0 steam dragon scales
rPois   inf          g - +0 helmet
rElec   .            h - +0 cloak
rCorr   .            j - +2 pair of gloves
SInv    .            (boots unavailable)
Will    +....        (no amulet)
Stlth   ++           a - +4 ring of protection
HPRegen 1.13/turn    (no ring)
MPRegen 0.00/turn

%: clarity, infuse magic (-2 HP)
@: about to teleport, finesse-ful, flying
A: sickness immunity, fire resistance 2, cold vulnerability 1, float, innate
caster, HP casting, extra vitality 1, clarity, regeneration 1
a: Renounce Religion, Heroism, Finesse, Duel


You were on level 9 of the Dungeon.
You worshipped Okawaru.
Okawaru was extremely pleased with you.
You visited 2 branches of the dungeon, and saw 10 of its levels.

You collected 662 gold pieces.
You spent 437 gold pieces at shops.


Innate Abilities, Weirdness & Mutations

You are immune to sickness and miasma.
You are immune to poison.
Your flesh is very heat resistant. (rF++)
You are vulnerable to cold. (rC-)
You float through the air rather than walking.
You learn spells naturally, not from books.
Your magical power is your life essence.
You have superior vitality. (+4 MHP)
You possess an exceptional clarity of mind.
Your natural rate of healing is unusually fast.


   Skills:
 - Level 7.0 Fighting
 + Level 9.9 Ranged Weapons
 - Level 3.3 Armour
 - Level 8.1 Dodging
 - Level 0.7 Stealth
 + Level 7.0 Invocations


You knew the following spells:

 Your Spells              Type           Power      Damage    Failure   Level
a - Sting                 Conj/Alch      0%         1d3       34%         1
b - Ensorcelled Hibernat  Hex/Ice        0%         N/A       47%         2
c - Volatile Blastmotes   Fire/Tloc      0%         2d10      71%         3
d - Manifold Assault      Tloc           0%         N/A       98%         4
e - Vhi's Electric Charg  Tloc/Air       0%         N/A       98%         4
Your spell library was empty.

Inventory:

Hand Weapons
 o - a +0 heavy orcbow (weapon)
Armour
 g - a +0 helmet (worn)
 h - a +0 cloak (worn)
 j - a +2 pair of gloves (worn)
 t - +0 steam dragon scales (worn)
 u - the +0 robe of Umayt {rF+}
   (You bought it in a shop on level 6 of the Dungeon)

   rF+:       It protects you from fire.
Jewellery
 a - a +4 ring of protection (left hand)
Wands
 c - a wand of paralysis (14)
 e - a wand of light (13)
 n - a wand of mindburst (27)
Scrolls
 r - 5 scrolls of identify
Potions
 b - a potion of cancellation
 f - a potion of haste
 i - a potion of enlightenment
 l - 2 potions of curing
 p - a potion of resistance

Dungeon Overview and Level Annotations

Branches:
Dungeon (9/15)             Temple (1/1) D:4
   Lair: D:8-11         Orc: D:9-12

Altars:
Ashenzari
Cheibriados
Dithmenos
Elyvilon
Fedhas
Gozag
Hepliaklqana
Makhleb
Nemelex Xobeh
Okawaru
Qazlal
Ru
Wu Jian
Xom
Zin
The Shining One

Shops:
D:5 ?[:=[   D:6 [   D:8 *

Annotations:
D:5 2 transporters


Message History

You kill the cyan ugly thing!
Okawaru is honoured by your kill.
You can now enter into single combat with a foe.
Okawaru will now gift you throwing weapons as you gain piety.
Your Dodging skill increases to level 8!
Your Invocations skill increases to level 7!
You shoot an arrow. The arrow hits the eight-headed hydra!
The eight-headed hydra is lightly wounded.
The eight-headed hydra bites you.
The eight-headed hydra bites you but does no damage.
The eight-headed hydra bites you! The eight-headed hydra bites you.
The eight-headed hydra closely misses you.
The eight-headed hydra bites you! The eight-headed hydra bites you.
The eight-headed hydra bites you but does no damage.
The deep elf pyromancer mumbles some strange words.
The deep elf pyromancer blinks!
You shoot an arrow.
The arrow barely misses the eight-headed hydra.
The eight-headed hydra bites you but does no damage.
The eight-headed hydra barely misses you.
The eight-headed hydra bites you but does no damage.
The eight-headed hydra completely misses you. x2
The eight-headed hydra bites you but does no damage.
The eight-headed hydra bites you.
The eight-headed hydra closely misses you.
The gargoyle closely misses you.
You shoot an arrow. The arrow hits the eight-headed hydra.
The eight-headed hydra is lightly wounded.
The eight-headed hydra bites you. The eight-headed hydra bites you! x2
The eight-headed hydra bites you but does no damage. x2
The eight-headed hydra misses you. The eight-headed hydra bites you.
The eight-headed hydra bites you but does no damage.
The gargoyle misses you.
6248 ||| READING scroll of teleportation.
As you read the scroll of teleportation, it crumbles to dust.
You feel strangely unstable.
The eight-headed hydra barely misses you.
The eight-headed hydra bites you but does no damage.
The eight-headed hydra bites you!
You die...

....[...#.).)......
........#........#
.......###.......#
...#....##.......##
.###.............. .
#..........### ..
#.....#....#### #.7#?
##.##....#..#.#...#.#
#......##...@9.#
#......###.##D.#
.......# ### ..#
..#..... .... .##..#.
#.... ..# ......
#..... ...$.


You could see an eight-headed hydra and a gargoyle.

Vanquished Creatures
  A two-headed ogre (D:9)
  2 ugly things
  A cyclops (D:7)
  A gargoyle (D:7)
  A hornet (D:8)
  Grinder (D:3)
  A slime creature (D:7)
  A wraith (D:7)
  5 yaks
  2 steam dragons
  4 water moccasins
  An acid dragon (D:9)
  2 black bears
  An orc warrior (D:9)
  3 sky beasts
  4 ice beasts
  2 ogres
  2 centaurs
  A phantom (D:5)
  2 bullfrogs
  4 scorpions
  2 wights (D:7)
  2 bombardier beetles
  3 hounds
  6 jellies
  A sleepcap (D:5)
  2 gnoll boudas (D:7)
  2 iguanas
  Ijyb (D:4)
  16 orc wizards
  10 gnolls
  4 adders
  A shadow imp (D:6)
  A white imp (D:7)
  2 ufetubi (D:3)
  5 dart slugs
  2 ribbon worms
  12 orcs
  2 bats
  7 endoplasms
  A giant cockroach (D:3)
  9 hobgoblins
  2 quokkas
  5 ball pythons
  2 frilled lizards
  9 goblins
  8 kobolds
  4 rats
163 creatures vanquished.

Notes
Turn   | Place    | Note
-------+----------+-------------------------------------------
     0 | D:1      | qw the Djinni Hunter began the quest for the Orb.
     0 | D:1      | Reached XP level 1. HP: 18/18 MP: 0/0
     0 | D:1      | 0 ||| qw: Version: 0.3-a-136-gdd3b4e8
     0 | D:1      | 0 ||| qw: Game counter: 1102
     0 | D:1      | 0 ||| qw: Melee chars always use a shield: true
     0 | D:1      | 0 ||| qw: God list: Okawaru
     0 | D:1      | 0 ||| qw: Allow faded altars: false
     0 | D:1      | 0 ||| qw: Do Orc after clearing Dungeon:15 true
     0 | D:1      | 0 ||| qw: Do second Lair branch before Depths: true
     0 | D:1      | 0 ||| qw: Lair rune preference: random
     0 | D:1      | 0 ||| qw: Goals: Normal
     0 | D:1      | 0 ||| PLANNING D:1-11
    64 | D:1      | Reached XP level 2. HP: 13/23 MP: 0/0
   631 | D:1      | 631 ||| UPGRADING to +0 ring mail.
   641 | D:1      | 641 ||| DROPPING +0 leather armour.
   642 | D:1      | 642 ||| UPGRADING to +0 cloak.
   647 | D:1      | 647 ||| READING scroll labelled RACZOIDW TUNU.
   647 | D:1      | 647 ||| IDENTIFYING red potion
   648 | D:1      | 648 ||| DRINKING 2 dark potions.
   649 | D:1      | 649 ||| DROPPING scroll of butterflies.
   650 | D:1      | 650 ||| DROPPING potion of brilliance.
   758 | D:2      | Reached skill level 1 in Armour
   758 | D:2      | Reached XP level 3. HP: 20/28 MP: 0/0
   758 | D:2      | Learned a level 1 spell: Sting
   811 | D:2      | Reached skill level 4 in Ranged Weapons
  1101 | D:2      | Identified the +5 sling of Corporal Punishment {freeze,
                  | Int+4}
  1103 | D:2      | 1103 ||| SWAPPING to +5 sling of Corporal Punishment
                  | {freeze, Int+4}.
  1104 | D:2      | 1104 ||| DROPPING +0 shortbow.
  1139 | D:2      | Reached XP level 4. HP: 34/34 MP: 0/0
  1268 | D:2      | 1268 ||| UPGRADING to +0 helmet.
  1273 | D:2      | 1273 ||| READING scroll labelled NOATUUWNEX.
  1278 | D:2      | 1278 ||| READING 3 scrolls labelled GECZOSHORIS.
  1279 | D:2      | 1279 ||| READING scroll labelled CUAPEBOXYBAU.
  1280 | D:2      | 1280 ||| READING scroll labelled EPPUUL MIRA.
  1281 | D:2      | 1281 ||| DROPPING 2 scrolls of fear.
  1332 | D:3      | Reached skill level 3 in Fighting
  1436 | D:3      | Noticed Grinder
  1440 | D:3      | Reached XP level 5. HP: 38/40 MP: 0/0
  1440 | D:3      | Learned a level 2 spell: Ensorcelled Hibernation
  1440 | D:3      | 1440 ||| ZAPPING wand of paralysis (13) at 6,4 (Grinder;
                  | floor).
  1447 | D:3      | 1447 ||| ZAPPING wand of paralysis (12) at 5,4 (Grinder;
                  | floor).
  1457 | D:3      | 1457 ||| ZAPPING wand of paralysis (11) at 2,1 (Grinder;
                  | floor).
  1458 | D:3      | 1458 ||| ZAPPING wand of paralysis (10) at 1,0 (Grinder;
                  | floor).
  1465 | D:3      | Killed Grinder
  1466 | D:3      | Reached skill level 5 in Ranged Weapons
  1466 | D:3      | Reached XP level 6. HP: 46/46 MP: 0/0
  1956 | D:3      | 1956 ||| UPGRADING to +0 pair of gloves.
  1961 | D:3      | 1961 ||| READING 2 scrolls of identify.
  1961 | D:3      | 1961 ||| IDENTIFYING pink potion
  1962 | D:3      | 1962 ||| READING scroll of identify.
  1962 | D:3      | 1962 ||| IDENTIFYING sapphire potion
  1963 | D:3      | 1963 ||| READING 3 scrolls labelled KEBAITUAHU.
  1964 | D:3      | 1964 ||| DROPPING 2 scrolls of poison.
  2146 | D:4      | Found a staircase to the Ecumenical Temple.
  2147 | D:4      | 2147 ||| PLANNING TEMPLE
  2147 | D:4      | 2147 ||| READING scroll of identify.
  2147 | D:4      | 2147 ||| IDENTIFYING silvery potion
  2148 | D:4      | 2148 ||| READING scroll labelled RISOTON YCLUSCHO.
  2249 | D:4      | 2249 ||| READING scroll labelled EPEDIU XI SULU.
  2250 | D:4      | 2250 ||| DRINKING 3 metallic white potions.
  2259 | Temple   | Entered the Ecumenical Temple
  2260 | Temple   | 2260 ||| PLANNING D:1-11
  2295 | D:4      | Noticed Ijyb
  2300 | D:4      | Killed Ijyb
  2301 | D:4      | Reached skill level 3 in Dodging
  2363 | D:4      | Reached XP level 7. HP: 50/50 MP: 0/0
  2363 | D:4      | Learned a level 3 spell: Volatile Blastmotes
  2827 | D:4      | 2827 ||| READING scroll of identify.
  2827 | D:4      | 2827 ||| IDENTIFYING lumpy pink potion
  2828 | D:4      | 2828 ||| DROPPING potion of degeneration.
  2849 | D:5      | Entered Level 5 of the Dungeon
  2902 | D:5      | Found a transporter.
  2912 | D:5      | Found a transporter.
  2954 | D:5      | Reached skill level 6 in Ranged Weapons
  2967 | D:5      | Reached XP level 8. HP: 56/58 MP: 0/0
  3009 | D:5      | Found Nuki's Magic Scroll Shoppe.
  3016 | D:5      | 3016 ||| BUYING scroll of brand weapon (114 gold).
  3016 | D:5      | Bought a scroll of brand weapon for 114 gold pieces
  3016 | D:5      | 3016 ||| BUYING scroll of identify (24 gold).
  3016 | D:5      | Bought a scroll of identify for 24 gold pieces
  3016 | D:5      | 3016 ||| BUYING scroll of identify (24 gold).
  3016 | D:5      | Bought a scroll of identify for 24 gold pieces
  3016 | D:5      | 3016 ||| BUYING scroll of identify (24 gold).
  3016 | D:5      | Bought a scroll of identify for 24 gold pieces
  3016 | D:5      | 3016 ||| BUYING scroll of identify (24 gold).
  3016 | D:5      | Bought a scroll of identify for 24 gold pieces
  3016 | D:5      | 3016 ||| BUYING scroll of identify (24 gold).
  3016 | D:5      | Bought a scroll of identify for 24 gold pieces
  3016 | D:5      | 3016 ||| BUYING scroll of teleportation (36 gold).
  3016 | D:5      | Bought a scroll of teleportation for 36 gold pieces
  3016 | D:5      | 3016 ||| BUYING scroll of teleportation (36 gold).
  3016 | D:5      | Bought a scroll of teleportation for 36 gold pieces
  3082 | D:5      | Found Aticviofe's Armour Emporium.
  3088 | D:5      | 3088 ||| SHOPLISTING +0 helmet of see invisible (126 gold,
                  | have 71).
  3088 | D:5      | 3088 ||| SHOPLISTING +1 leather armour of willpower (154
                  | gold, have 71).
  3088 | D:5      | 3088 ||| SHOPLISTING +2 robe of Wrong Decisions {MP+9 Int-2
                  | Dex+5} (471 gold, have 71).
  3088 | D:5      | 3088 ||| SHOPLISTING scarf of resistance (352 gold, have
                  | 71).
  3306 | D:5      | Found a sparkling altar of Nemelex Xobeh.
  3306 | D:5      | Found an iron altar of Okawaru.
  3307 | D:5      | 3307 ||| PLANNING OKAWARU WORSHIP
  3307 | D:5      | 3307 ||| READING 6 scrolls of identify.
  3307 | D:5      | 3307 ||| IDENTIFYING viscous blue potion
  3308 | D:5      | 3308 ||| READING 5 scrolls of identify.
  3308 | D:5      | 3308 ||| IDENTIFYING glowing red potion
  3309 | D:5      | 3309 ||| DRINKING potion of mutation.
  3309 | D:5      | Gained mutation: You are very vulnerable to cold. (rC--)
                  | [potion of mutation]
  3309 | D:5      | Gained mutation: You passively map a small area around you.
                  | [potion of mutation]
  3310 | D:5      | 3310 ||| READING 4 scrolls of identify.
  3310 | D:5      | 3310 ||| IDENTIFYING lumpy puce potion
  3311 | D:5      | 3311 ||| DROPPING potion of ambrosia.
  3315 | D:5      | Became a worshipper of Warmaster Okawaru
  3316 | D:5      | 3316 ||| PLANNING D:1-11
  3364 | D:5      | Found Comik's Antique Armour Shop.
  3372 | D:5      | 3372 ||| SHOPLISTING glowing scarf (200 gold, have 126).
  3373 | D:5      | Found Laalaphasea's Book Shoppe.
  3508 | D:5      | Found Lihirgh's Jewellery Boutique.
  3511 | D:5      | 3511 ||| SHOPLISTING +5 ring of evasion (540 gold, have
                  | 126).
  3511 | D:5      | 3511 ||| SHOPLISTING +6 ring of strength (540 gold, have
                  | 126).
  3511 | D:5      | 3511 ||| SHOPLISTING amulet of faith (600 gold, have 126).
  3511 | D:5      | 3511 ||| SHOPLISTING amulet of reflection (450 gold, have
                  | 126).
  3511 | D:5      | 3511 ||| SHOPLISTING ring of Niamisib {rC+ rCorr} (510
                  | gold, have 126).
  3511 | D:5      | 3511 ||| SHOPLISTING ring of positive energy (300 gold,
                  | have 126).
  3511 | D:5      | 3511 ||| SHOPLISTING ring of see invisible (225 gold, have
                  | 126).
  3511 | D:5      | 3511 ||| SHOPLISTING ring of willpower (375 gold, have
                  | 126).
  3533 | D:6      | Reached skill level 7 in Ranged Weapons
  3640 | D:6      | 3640 ||| SWAPPING to +0 orcbow.
  3651 | D:6      | 3651 ||| DROPPING +5 sling of Corporal Punishment {freeze,
                  | Int+4}.
  3652 | D:6      | 3652 ||| READING scroll of brand weapon.
  3652 | D:6      | 3652 ||| BRANDING +0 orcbow.
  3658 | D:6      | Reached * piety under Okawaru
  3761 | D:6      | Reached skill level 1 in Invocations
  3842 | D:6      | Reached XP level 9. HP: 65/65 MP: 0/0
  3842 | D:6      | Learned a level 4 spell: Manifold Assault
  3869 | D:6      | Reached skill level 3 in Invocations
  3891 | D:6      | 3891 ||| DRINKING 4 potions of curing.
  3891 | D:6      | 3891 ||| (to cure confusion)
  3906 | D:6      | Found Vyvicyem's Antique Armour Boutique.
  3919 | D:6      | 3919 ||| BUYING fine robe (131 gold).
  3919 | D:6      | Bought a fine robe for 131 gold pieces
  3919 | D:6      | Identified the +0 robe of Umayt {rF+} (You bought it in a
                  | shop on level 6 of the Dungeon)
  3919 | D:6      | 3919 ||| SHOPLISTING ichor-stained ring mail (207 gold,
                  | have 26).
  3931 | D:6      | 3931 ||| READING scroll of brand weapon.
  3931 | D:6      | 3931 ||| BRANDING +0 orcbow of draining.
  3951 | D:6      | Reached ** piety under Okawaru
  4006 | D:6      | Reached skill level 8 in Ranged Weapons
  4244 | D:6      | 4244 ||| UPGRADING to +2 pair of gloves.
  4254 | D:6      | 4254 ||| DROPPING +0 pair of gloves.
  4255 | D:6      | 4255 ||| UPGRADING to +0 steam dragon scales.
  4265 | D:6      | 4265 ||| DROPPING +0 ring mail.
  4266 | D:6      | 4266 ||| READING 4 scrolls of identify.
  4266 | D:6      | 4266 ||| IDENTIFYING murky dark potion
  4267 | D:6      | 4267 ||| READING 3 scrolls of identify.
  4267 | D:6      | 4267 ||| IDENTIFYING scroll labelled RICIAR URECVE
  4268 | D:6      | 4268 ||| DROPPING scroll of amnesia.
  4269 | D:6      | 4269 ||| DROPPING wand of flame (22).
  4270 | D:6      | 4270 ||| DROPPING potion of lignification.
  4335 | D:7      | Reached skill level 6 in Dodging
  4336 | D:7      | HP: 15/65 [orc/+0 trident (3)]
  4337 | D:7      | 4337 ||| READING 2 scrolls of teleportation.
  4338 | D:7      | 4338 ||| DRINKING 2 potions of heal wounds.
  4347 | D:7      | Reached skill level 6 in Fighting
  4484 | D:7      | Reached skill level 3 in Armour
  4566 | D:7      | Reached *** piety under Okawaru
  4567 | D:7      | Reached XP level 10. HP: 69/72 MP: 0/0
  4577 | D:7      | Noticed a gargoyle
  4578 | D:7      | 4578 ||| INVOKING Heroism.
  4581 | D:7      | Killed a gargoyle
  4609 | D:7      | Noticed a cyclops
  4610 | D:7      | 4610 ||| INVOKING Heroism.
  4613 | D:7      | Noticed a green ugly thing
  4619 | D:7      | Killed a cyclops
  4620 | D:7      | Reached skill level 9 in Ranged Weapons
  4625 | D:7      | 4625 ||| RETREEEEATING.
  4626 | D:7      | Killed a green ugly thing
  4631 | D:7      | 4631 ||| INVOKING Heroism.
  4631 | D:7      | HP: 17/72 [orc wizard/+5 hand axe of electrocution (15)]
  4632 | D:7      | 4632 ||| READING scroll of teleportation.
  4633 | D:7      | 4633 ||| DRINKING potion of heal wounds.
  4805 | D:7      | Reached **** piety under Okawaru
  4962 | D:7      | Identified the +0 scale mail of the Ward {rCorr Str+8 Int-3
                  | SInv}
  5543 | D:7      | 5543 ||| UPGRADING to +4 ring of protection.
  5562 | D:8      | 5562 ||| STAIRDANCE
  5564 | D:7      | 5564 ||| DRINKING 3 potions of curing.
  5564 | D:7      | 5564 ||| (to cure confusion)
  5567 | D:8      | 5567 ||| STAIRDANCE
  5644 | D:8      | Found Jyumac's Serpentskin Sales.
  5778 | D:8      | 5778 ||| DRINKING potion of mutation.
  5778 | D:8      | Lost mutation: You are very vulnerable to cold. (rC--)
                  | [potion of mutation]
  5778 | D:8      | Lost mutation: You passively map a small area around you.
                  | [potion of mutation]
  5778 | D:8      | Gained mutation: You are dopey. (Int -2) [potion of
                  | mutation]
  5778 | D:8      | Lost mutation: You are dopey. (Int -2) [potion of mutation]
  5778 | D:8      | Gained mutation: You are clumsy. (Dex -2) [potion of
                  | mutation]
  5810 | D:8      | Found a stormy altar of Qazlal.
  5961 | D:8      | 5961 ||| RETREEEEATING.
  5966 | D:8      | Reached ***** piety under Okawaru
  5967 | D:8      | Reached XP level 11. HP: 79/79 MP: 0/0
  5967 | D:8      | Learned a level 4 spell: Vhi's Electric Charge
  6041 | D:8      | Found a faded altar of an unknown god.
  6041 | D:8      | Found a hazy altar of Hepliaklqana.
  6043 | D:8      | Found a faded altar of an unknown god.
  6143 | D:8      | Found a shimmering altar of Xom.
  6144 | D:8      | 6144 ||| READING 6 scrolls of identify.
  6144 | D:8      | 6144 ||| IDENTIFYING scroll labelled ZOINUZX UHIV
  6145 | D:8      | 6145 ||| DROPPING scroll of fog.
  6164 | D:9      | Noticed a two-headed ogre
  6165 | D:9      | 6165 ||| INVOKING Finesse.
  6171 | D:9      | Killed a two-headed ogre
  6172 | D:9      | Reached skill level 6 in Invocations
  6185 | D:9      | 6185 ||| DRINKING potion of mutation.
  6185 | D:9      | Lost mutation: You are clumsy. (Dex -2) [potion of
                  | mutation]
  6185 | D:9      | Gained mutation: Your natural rate of healing is unusually
                  | fast. [potion of mutation]
  6185 | D:9      | Gained mutation: You possess an exceptional clarity of
                  | mind. [potion of mutation]
  6235 | D:9      | Noticed an eight-headed hydra
  6236 | D:9      | Noticed a deep elf pyromancer
  6236 | D:9      | Noticed a cyan ugly thing
  6237 | D:9      | 6237 ||| INVOKING Finesse.
  6244 | D:9      | Killed a cyan ugly thing
  6247 | D:9      | HP: 13/79 [eight-headed hydra (9)]
  6248 | D:9      | 6248 ||| READING scroll of teleportation.
  6248 | D:9      | Slain by an eight-headed hydra

Levels and vault maps discovered:
D:1:      ebering_trefoil_3fold, layout_loops_cross, chequers_garden,
          minmay_box_of_dots
D:2:      layout_loops_ring, basic_altar
D:3:      minmay_wonky_spiral, layout_loops_ring, small_statue_intersection,
          uniq_grinder
D:4:      layout_basic, minmay_temple_entry_antechambers, uniq_ijyb
D:5:      gammafunk_steamed_eel, layout_cave_pools,
          gammafunk_temple_overflow_wave, serial_shops, kennysheep_mini, shop,
          shop, shop, nicolae_shop_hallway_stairs
D:6:      minmay_flawed_box, layout_cave_pools, serial_shops, shop_fountains
D:7:      nzn_winding_woodlands_cross [nzn_winding_woodlands_5x15_lazy_stream,
          nzn_winding_woodlands_5x15_eye, nzn_winding_woodlands_5x15_sawtooth,
          nzn_winding_woodlands_5x15_zeroes,
          nzn_winding_woodlands_15x15_thick_spiral], layout_basic
D:8:      layout_basic, kennysheep_mini_moat, nicolae_qazlal_scattered_showers,
          nicolae_hepliaklqana_ecumenical_no_more, guppyfry_shop_venom
D:9:      minmay_bloctagon_deflated, layout_cave_pools, vehumet_crystals,
          yredelemnul_forgotten_temple_becter, hiddenorc1_lemuel
Temple:   nicolae_temple_hex_pool

Skill      XL: |  1  2  3  4  5  6  7  8  9 10 11 |
---------------+----------------------------------+-----
Armour         | 1 2 3 |  3.3
Ranged Weapons | 4 5 6 7 8 9 |  9.9
Fighting       | 3 4 5 6 7 |  7.0
Dodging        | 3 4 6 7 8 |  8.1
Invocations    | 2 4 5 7 |  7.0
Stealth        | |  0.7

Action                     |  1- 3 |  4- 6 |  7- 9 | 10-12 || total
---------------------------+-------+-------+-------+-------++-------
   Fire: Shortbow          |    59 |       |       |       ||    59
         Sling             |     5 |    94 |    82 |       ||   181
         Orcbow            |       |       |   145 |   145 ||   290
 Invoke: Heroism           |       |       |       |     3 ||     3
         Finesse           |       |       |       |     2 ||     2
  Evoke: Wand              |       |     4 |       |       ||     4
    Use: Scroll            |     1 |    10 |     9 |     3 ||    23
         Potion            |     1 |     1 |     3 |     4 ||     9
 Armour: Leather armour    |     5 |       |       |       ||     5
         Ring mail         |    13 |    23 |    47 |       ||    83
         Steam dragon scal |       |       |    28 |    80 ||   108
  Dodge: Dodged            |    17 |    14 |    73 |    90 ||   194

Table legend:
 A = Non-vault XP
 B = Vault XP
 C = Vault XP percentage of total XP
 D = Non-vault monster count
 E = Vault monster count
 F = Vault count percentage of total count
                 A         B        C        D         E       F
            +---------+---------+-------+---------+---------+-------
      Total |    5899 |    4283 |  42.1 |     125 |      38 |  23.3
            +---------+---------+-------+---------+---------+-------
        D:1 |      20 |       8 |  28.6 |      10 |       4 |  28.6
        D:2 |      44 |       0 |   0.0 |      14 |       0 |   0.0
        D:3 |     111 |     293 |  72.5 |      25 |       3 |  10.7
        D:4 |     141 |      36 |  20.3 |      12 |       1 |   7.7
        D:5 |     609 |       0 |   0.0 |      13 |       0 |   0.0
        D:6 |    1224 |     316 |  20.5 |      16 |       9 |  36.0
        D:7 |     959 |    2921 |  75.3 |      15 |      18 |  54.5
        D:8 |    1613 |     114 |   6.6 |      13 |       2 |  13.3
        D:9 |    1178 |     595 |  33.6 |       7 |       1 |  12.5
            +---------+---------+-------+---------+---------+-------
